 Dungeon Crawl Stone Soup version 0.29-a0-1018-g6b6670bd90 (webtiles) character file.

Game seed: 7612624960295531425

146 Destapler the Insei (level 5, 0/43 HPs)
             Began as a Gnoll Wanderer on Aug 9, 2022.
             Was a Believer of Trog.
             Slain by a gnoll
             ... wielding a +0 club
              (9 damage)
             ... on level 3 of the Dungeon.
             The game lasted 00:05:41 (2830 turns).

Destapler the Insei (Gnoll Wanderer)                Turns: 2830, Time: 00:05:41

Health: 0/43       AC:  3    Str: 14    XL:     5   Next: 28%
Magic:  7/7        EV: 12    Int:  8    God:    Trog [**....]
Gold:   162        SH:  0    Dex: 14    Spells: 7/7 levels left

rFire   . . .      SeeInvis .   h - +0 war axe (vorpal)
rCold   + . .      Faith    .   (no shield)
rNeg    . . .      Spirit   .   l - +0 robe {rC+}
rPois   .          Reflect  .   (no helmet)
rElec   .          Harm     .   (no cloak)
rCorr   .          Rampage  .   (no gloves)
Will    ++...                   d - +0 pair of boots
Stlth   +++.......              (no amulet)
HPRegen 1.14/turn               (no ring)
MPRegen 0.10/turn               (no ring)

@: strong-willed, regenerating
A: fangs 1, strong nose, distributed training
a: Renounce Religion, Berserk, Trog's Hand


You were on level 3 of the Dungeon.
You worshipped Trog.
Trog was pleased with you.
You visited 1 branch of the dungeon, and saw 4 of its levels.

You collected 162 gold pieces.

Inventory:

Hand Weapons
 a - a +0 spear of protection
 h - a +0 vorpal war axe (weapon)
 j - a +0 mace of chaos
Missiles
 n - 12 poisoned darts (quivered)
Armour
 d - a +0 pair of boots (worn)
 f - a +0 leather armour
 l - a +0 robe of cold resistance (worn)
Scrolls
 b - 4 scrolls of fear
 c - a scroll of summoning
 e - a scroll of blinking
 i - 3 scrolls of identify
Potions
 g - a potion of cancellation


   Skills:
 + Level 4.8 Fighting
 + Level 1.5 Short Blades
 + Level 1.5 Long Blades
 + Level 1.5 Axes
 + Level 1.5 Maces & Flails
 + Level 1.5 Polearms
 + Level 6.7 Staves
 + Level 1.5 Ranged Weapons
 + Level 1.5 Throwing
 + Level 1.5 Armour
 + Level 1.5 Dodging
 + Level 4.4 Stealth
 + Level 1.5 Shields
 + Level 6.7 Unarmed Combat
 + Level 1.5 Spellcasting
 + Level 1.2 Conjurations
 + Level 1.2 Hexes
 + Level 1.2 Summonings
 + Level 1.2 Necromancy
 + Level 1.2 Translocations
 + Level 1.2 Transmutations
 + Level 1.2 Fire Magic
 + Level 1.2 Ice Magic
 + Level 1.2 Air Magic
 + Level 1.2 Earth Magic
 + Level 1.2 Poison Magic
 + Level 1.7 Invocations
 + Level 1.5 Evocations


You had 7 spell levels left.
You didn't know any spells.
Your spell library contained the following spells:

 Spells                   Type           Power      Damage    Failure   Level
 Ignite Poison            Fire/Tmut/Pois 2%         N/A       56%         3
 Mephitic Cloud           Conj/Pois/Air  2%         N/A       56%         3
 Freezing Cloud           Conj/Ice/Air   1%         6-21      99%         5


Dungeon Overview and Level Annotations

Branches:
Dungeon (4/15)
 Temple: D:4-7

Altars:
Trog


Innate Abilities, Weirdness & Mutations

You have very sharp teeth.
Your uncanny sense of smell can sniff out nearby items.
Your experience applies equally to all skills.


Message History

No target in view!
g - 2 dark potions No target in view!
No target in view!
You see here a +0 vorpal war axe.
Your +0 spear of protection goes still.
h - a +0 vorpal war axe (weapon)
Found a stone staircase leading up.
Found a stone staircase leading down.
There is a stone staircase leading up here.
You climb upwards.
There is a stone staircase leading down here.
You open the door. 3 gnolls come into view.
Found 6 stones.
There is an open door here.
The gnoll hits you with a +0 club. The gnoll closely misses you.
You hit the gnoll.
The gnoll is moderately wounded.
The gnoll hits you from afar with a +0 spear.
The gnoll hits you with a +0 club.
You slash the gnoll!
The gnoll is almost dead.
You closely miss the gnoll. The gnoll hits you with a +0 club.
The gnoll barely misses you. The gnoll hits you with a +0 whip.
The gnoll hits you with a +0 club.
The gnoll hits you from afar with a +0 spear.
* * * LOW HITPOINT WARNING * * *
The gnoll barely misses you.
It was a potion of cancellation.
You feel magically purged.
The gnoll hits you from afar with a +0 spear.
* * * LOW HITPOINT WARNING * * *
The gnoll hits you with a +0 club.
* * * LOW HITPOINT WARNING * * *
The gnoll hits you but does no damage.
There is an open door here.
Your skin crawls.
You feel strong-willed. The gnoll hits you with a +0 club!
You die...

########
######......+
..
#...........#
#.
#...........#
#.
#.....g.....#
#[
#.(...gg....#
#.
######@######
.##
#.....######
...
#...>........
...
#............
...
#.....######.
.## #.....#
#......
#....###
#....#


You could see 3 gnolls.

Vanquished Creatures
  7 gnolls
  2 adders
  A dart slug (D:1)
  2 bats
  7 endoplasms
  5 hobgoblins
  8 jackals (D:1)
  6 kobolds
  5 quokkas
  2 ball pythons
  6 frilled lizards
  2 goblins
  4 rats
57 creatures vanquished.

Notes
Turn   | Place    | Note
-------+----------+-------------------------------------------
     0 | D:1      | Destapler the Gnoll Wanderer began the quest for the Orb.
     0 | D:1      | Destapler set off with the following items: a +0
                  | quarterstaff, a scroll of fear, a scroll of summoning, a +0
                  | pair of boots, a scroll of blinking, a +0 leather armour.
     0 | D:1      | Reached XP level 1. HP: 20/20 MP: 1/1
   530 | D:1      | Reached XP level 2. HP: 26/26 MP: 2/2
   565 | D:1      | Found a faded altar of an unknown god.
   575 | D:1      | Prayed at the altar of an unknown god.
   575 | D:1      | Became a worshipper of Trog the Wrathful
   575 | D:1      | Reached * piety under Trog
  1415 | D:1      | Reached XP level 3. HP: 28/31 MP: 3/3
  1621 | D:2      | Reached skill level 1 in Invocations
  1622 | D:2      | Reached ** piety under Trog
  1626 | D:2      | Reached skill level 1 in Short Blades
  1626 | D:2      | Reached skill level 1 in Long Blades
  1626 | D:2      | Reached skill level 1 in Axes
  1626 | D:2      | Reached skill level 1 in Maces & Flails
  1626 | D:2      | Reached skill level 1 in Polearms
  1626 | D:2      | Reached skill level 1 in Ranged Weapons
  1626 | D:2      | Reached skill level 1 in Throwing
  1626 | D:2      | Reached skill level 1 in Armour
  1626 | D:2      | Reached skill level 1 in Dodging
  1626 | D:2      | Reached skill level 1 in Shields
  1626 | D:2      | Reached skill level 1 in Spellcasting
  1626 | D:2      | Reached skill level 1 in Evocations
  1638 | D:2      | Reached XP level 4. HP: 17/38 MP: 5/5
  1957 | D:2      | Reached skill level 1 in Conjurations
  1957 | D:2      | Reached skill level 1 in Hexes
  1957 | D:2      | Reached skill level 1 in Summonings
  1957 | D:2      | Reached skill level 1 in Necromancy
  1957 | D:2      | Reached skill level 1 in Translocations
  1957 | D:2      | Reached skill level 1 in Transmutations
  1957 | D:2      | Reached skill level 1 in Fire Magic
  1957 | D:2      | Reached skill level 1 in Ice Magic
  1957 | D:2      | Reached skill level 1 in Air Magic
  1957 | D:2      | Reached skill level 1 in Earth Magic
  1957 | D:2      | Reached skill level 1 in Poison Magic
  2525 | D:4      | Reached XP level 5. HP: 38/43 MP: 7/7
  2830 | D:3      | Slain by a gnoll

Illustrated notes

Levels and vault maps discovered:
D:1:      amcnicky_arrival_underground_garden, layout_loops_ring,
          shapermc_ecumenical_altar_totnotflames
D:2:      layout_rooms
D:3:      layout_basic, serial_park_tiny_2
D:4:      layout_loops_cross, minmay_temple_entry_statues_fountains,
          dk_noncrumbling_2, uniq_duvessa

Skill      XL: |  1  2  3  4 |
---------------+-------------+-----
Invocations    | 1 |  1.7
Short Blades   | 1 |  1.5
Long Blades    | 1 |  1.5
Axes           | 1 |  1.5
Maces & Flails | 1 |  1.5
Polearms       | 1 |  1.5
Ranged Weapons | 1 |  1.5
Throwing       | 1 |  1.5
Armour         | 1 |  1.5
Dodging        | 1 |  1.5
Shields        | 1 |  1.5
Spellcasting   | 1 |  1.5
Evocations     | 1 |  1.5
Conjurations   | 1 |  1.2
Hexes          | 1 |  1.2
Summonings     | 1 |  1.2
Necromancy     | 1 |  1.2
Translocations | 1 |  1.2
Transmutations | 1 |  1.2
Fire Magic     | 1 |  1.2
Ice Magic      | 1 |  1.2
Air Magic      | 1 |  1.2
Earth Magic    | 1 |  1.2
Poison Magic   | 1 |  1.2
Fighting       | |  4.8
Staves         | |  6.7
Stealth        | |  4.4
Unarmed Combat | |  6.7

Action                   |  1- 3 |  4- 6 || total
-------------------------+-------+-------++-------
Melee: Spear             |   114 |    95 ||   209
       Bite              |    10 |    13 ||    23
       Punch             |     1 |     3 ||     4
       War axe           |       |     2 ||     2
Invok: Berserk           |     1 |     1 ||     2
       Trog's Hand       |       |     1 ||     1
  Use: Potion            |     2 |     1 ||     3
       Scroll            |       |     9 ||     9
 Stab: Sleeping          |     3 |     6 ||     9
Armor: Leather armour    |    11 |       ||    11
       Robe              |     9 |    29 ||    38
Dodge: Dodged            |    52 |    49 ||   101

Table legend: (Time is in decaauts)
 A = Elapsed time spent in this place.
 B = Non-inter-level travel time spent in this place.
 C = Inter-level travel time spent in this place.
 D = Time resting spent in this place.
 E = Time spent auto-exploring this place.
 F = Levels seen in this place.
 G = Mean time per level.
                   A        B        C        D        E       F      G
               +--------+--------+--------+--------+--------+-----+--------+
         Total |   2855 |   2734 |    121 |    315 |   1945 |   4 |  713.8 |
       Dungeon |   2855 |   2734 |    121 |    315 |   1945 |   4 |  713.8 |
               +--------+--------+--------+--------+--------+-----+--------+

Top non-repeatable levels by time:
     D:1: 1496 daAuts
     D:2: 787 daAuts
     D:4: 326 daAuts
     D:3: 244 daAuts
